 Dungeon Crawl Stone Soup version 0.24.0 (webtiles) character file.

Game seed: 14463242718798317935, levelgen mode: deterministic

179 Emblim88 the Ruffian (level 5, -3/53 HPs)
             Began as a Troll Monk on Oct 25, 2019.
             Slain by a river rat (6 damage)
             ... summoned by Eustachio
             ... on level 4 of the Dungeon.
             The game lasted 00:03:24 (2022 turns).

Emblim88 the Ruffian (Troll Monk)                   Turns: 2022, Time: 00:03:24

Health: -3/53      AC:  6    Str: 20    XL:     5   Next: 32%
Magic:  0/4        EV: 11    Int:  6    God:
Gold:   174        SH:  0    Dex: 12    Spells: 4/4 levels left

rFire    . . .     SeeInvis .     - Unarmed
rCold    . . .     Gourm    +   (no shield)
rNeg     . . .     Faith    .   a - +0 robe
rPois    .         Spirit   +   (helmet restricted)
rElec    .         Reflect  .   m - scarf {Spirit}
rCorr    .         Harm     .   (gloves unavailable)
MR       .....                  (boots unavailable)
Stlth    +.........             h - amulet of the gourmand
HPRegen  0.57/turn              l - ring of attention (curse)
MPRegen  0.09/turn              (no ring)

@: lethally poisoned (-3 -> -4)
A: large, unfitting armour, claws 3, fast metabolism 3, gourmand, regeneration
1, shaggy fur 1, tough skin 3
a: no special abilities


You were on level 4 of the Dungeon.
You were completely stuffed.

You visited 1 branch of the dungeon, and saw 4 of its levels.

You collected 174 gold pieces.

Inventory:

Armour
 a - a +0 robe (worn)
 m - a scarf of spirit shield (worn)
Jewellery
 h - an amulet of the gourmand (around neck)
 l - a cursed ring of attention (left claw)
Scrolls
 c - a scroll of magic mapping
 g - 2 scrolls of teleportation
Potions
 d - 2 potions of degeneration {unknown}
 e - a potion of flight {unknown}
 f - 2 potions of curing
 i - 3 potions of invisibility {unknown}
Comestibles
 b - 5 rations
 n - 2 chunks of flesh


   Skills:
 + Level 3.5 Fighting
 + Level 3.4 Dodging
 - Level 1.0 Stealth
 + Level 4.2 Unarmed Combat


You had 4 spell levels left.
You didn't know any spells.
Your spell library was empty.

Dungeon Overview and Level Annotations

Branches:
Dungeon (4/15)
 Temple: D:4-7

Altars:

Annotations:
D:4 Eustachio


Innate Abilities, Weirdness & Mutations

You are too large for most types of armour.
You have claws for hands.
Your metabolism is lightning-fast.
You like to eat raw meat.
Your natural rate of healing is unusually fast.
You are covered in fur. (AC +1)
You have extremely tough skin. (AC +3)


Message History

* * * LOW HITPOINT WARNING * * *
You claw Eustachio!
Eustachio is almost dead.
You feel sick.
Eustachio says, "My allies will avenge me."
Eustachio barely misses you. The jackal closely misses you.
The rat bites you but does no damage.
The river rat bites you but does no damage. x2
The worker ant closely misses you.
A jackal comes into view.
You closely miss Eustachio.
Eustachio is almost dead.
The jackal barks!
You hear an angry hiss.
The jackal bites you but does no damage.
Eustachio hits you with a cursed +0 rapier.
* * * LOW HITPOINT WARNING * * *
The worker ant barely misses you. The rat bites you but does no damage.
The river rat bites you but does no damage.
The river rat bites you.
You die... #... .... #... ..# #.## ##.# h.?h.#####..# #..shhar#

#r@@r#
#5##r...#
#5#####...#
#.# #..#
#@# .. #.#
..# ###


You could see Eustachio, a worker ant, 2 river rats, a shadow imp, 3 jackals, a
giant cockroach and 2 rats.

Vanquished Creatures
  A hound (D:4)
  A jelly (D:3)
  2 adders (D:2)
  3 oozes
  2 worms (D:2)
  A dart slug (D:1)
  A leopard gecko (D:2)
  4 orcs (D:3)
  A ball python (D:3)
  2 giant cockroaches
  10 goblins
  7 hobgoblins
  4 jackals
  10 kobolds
  7 bats
  10 frilled lizards
  7 rats
73 creatures vanquished.

Notes
Turn   | Place    | Note
-------+----------+-------------------------------------------
     0 | D:1      | Emblim88 the Troll Monk began the quest for the Orb.
     0 | D:1      | Reached XP level 1. HP: 22/22 MP: 0/0
    70 | D:1      | Reached XP level 2. HP: 29/29 MP: 1/1
   313 | D:1      | Reached XP level 3. HP: 36/36 MP: 2/2
   931 | D:2      | Found a faded altar of an unknown god.
  1086 | D:2      | Reached XP level 4. HP: 38/45 MP: 3/3
  1665 | D:3      | Reached skill level 4 in Unarmed Combat
  1825 | D:3      | Reached XP level 5. HP: 53/53 MP: 4/4
  2001 | D:4      | Noticed Eustachio
  2022 | D:4      | Slain by a river rat

Levels and vault maps discovered:
D:1:      scummos_arrival_checkerplants, layout_basic, minmay_nonomino_d4
D:2:      layout_loops_ring, first_ration, chequers_ecumenical_altar_lobes
D:3:      lemuel_upstairs_altar, layout_loops_ring, st_stairs_9
D:4:      layout_rooms, serial_shops, shop_fountains, kennysheep_little_box,
          uniq_eustachio
